 Dungeon Crawl Stone Soup version 0.31-a0-233-g139696dc86 (webtiles) character file.

Game seed: 14811523807490763256

1130 qw the Skirmisher (level 8, -13/49 HPs)
             Began as a Gargoyle Hexslinger on July 8, 2023.
             Mangled by an ogre
             ... wielding a +0 giant club
              (21 damage)
             ... on level 5 of the Dungeon.
             The game lasted 00:02:15 (4496 turns).

qw the Skirmisher (Gargoyle Hexslinger)             Turns: 4496, Time: 00:02:15

Health: -13/49     AC: 12    Str: 12    XL:     8   Next: 36%
Magic:  9/9        EV: 10    Int: 14    God:
Gold:   214        SH:  0    Dex: 14    Spells: 8/9 levels left

rFire   . . .        Y - +1 arbalest
rCold   . . .        (shield currently unavailable)
rNeg    + + .        b - +0 ring mail
rPois   inf          (no helmet)
rElec   +            (no cloak)
rCorr   .            (no gloves)
SInv    .            a - +0 pair of boots
Will    .....        (no amulet)
Stlth   +            i - ring of positive energy
HPRegen 0.28/turn    (no ring)
MPRegen 0.11/turn

%: no passive effects
@: about to teleport
A: sickness immunity, AC +5, negative energy resistance 1, electricity
resistance, torment resistance 1, petrification resistance
a: no special abilities


You were on level 5 of the Dungeon.
You visited 2 branches of the dungeon, and saw 6 of its levels.

You collected 276 gold pieces.
You spent 62 gold pieces at shops.


Innate Abilities, Weirdness & Mutations

You are immune to sickness and miasma.
Your stone body is resilient. (AC +5)
You are immune to poison.
You resist negative energy. (rN+)
You are resistant to electric shocks. (rElec)
You are resistant to unholy torment.
You are immune to petrification.


   Skills:
 - Level 5.0 Fighting
 + Level 8.3 Ranged Weapons
 - Level 2.4 Armour
 - Level 1.5 Dodging
 - Level 1.0 Spellcasting
 - Level 2.6 Hexes


You had 8 spell levels left.
You knew the following spells:

 Your Spells              Type           Power      Damage    Failure   Level
a - Slow                  Hex            32%        N/A       19%         1

Your spell library contained the following spells:

 Spells                   Type           Power      Damage    Failure   Level
 Inner Flame              Hex/Fire       4%         N/A       69%         3
 Portal Projectile        Hex/Tloc       8%         N/A       69%         3
 Cause Fear               Hex            4%         N/A       88%         4

Inventory:

Hand Weapons
 Y - a +1 arbalest (weapon)
Armour
 a - a +0 pair of boots (worn)
 b - a +0 ring mail (worn)
Jewellery
 i - a ring of positive energy (left hand)
Scrolls
 f - a scroll of teleportation
 g - a scroll of identify
 l - a scroll of enchant armour {unknown}
 m - a scroll of butterflies {unknown}
Potions
 c - a potion of might
 d - 3 potions of curing
 e - a potion of haste
 h - a potion of cancellation
 j - a potion of enlightenment {unknown}
 k - a potion of magic {unknown}

Dungeon Overview and Level Annotations

Branches:
Dungeon (5/15)             Temple (1/1) D:4

Altars:
Cheibriados
Elyvilon
Gozag
Hepliaklqana
Kikubaaqudgha
Nemelex Xobeh
Ru
Sif Muna
Uskayaw
Wu Jian
Xom
Yredelemnul
The Shining One
Lugonu

Shops:
D:2 :!=?

Annotations:
D:4 2 transporters, qw's ghost, amateur GrHs


Message History

Enter note:
Enter note:
Enter note:
Enter note:
Enter note:
Enter note:
Enter note:
Enter note:
Enter note:
Enter note:
Enter note: You shoot a bolt.
The bolt barely misses the ogre.
Enter note:
Enter note:
Enter note:
Enter note:
Enter note:
Enter note:
Enter note:
Enter note:
Enter note:
Enter note:
Enter note:
Enter note: You shoot a bolt.
The bolt completely misses the ogre.
You shoot a bolt. The bolt completely misses the ogre.
The ogre hits you with a +0 giant club!!
You shoot a bolt. The bolt hits the ogre.
The ogre is lightly wounded.
The ogre hits you with a +0 giant club!
You shoot a bolt. The bolt hits the ogre!!
The ogre is almost dead.
The ogre hits you with a +0 giant club!
4495 ||| READING 2 scrolls of teleportation.
As you read the scroll of teleportation, it crumbles to dust.
You feel strangely unstable.
You shoot a bolt. The bolt hits the ogre.
The ogre is almost dead.
The ogre hits you with a +0 giant club!!
You die...

.#.......#
.#.......# ...
.#.......# ...
.##.....# ...
.#%.....## #.#
...).....# #.#
##.......# #.#
.#.).....# ##O##
..#.....## #.@.#
.......##
#.#....#
#...#...#
#####.####.#
###..#..# #....>#
..
##.#.####.....# .
#...#........#
##.....##.....#
###....#####.##.#
........# #..##.#


You could see an ogre.

Vanquished Creatures
  2 ogres (D:5)
  A kobold brigand (D:5)
  2 scorpions (D:5)
  A gnoll sergeant (D:4)
  A howler monkey (D:4)
  4 hounds (D:4)
  A jelly (D:4)
  2 orc priests (D:4)
  A gnoll bouda (D:4)
  2 iguanas
  An orc wizard (D:4)
  14 gnolls
  4 adders
  A worm (D:4)
  5 dart slugs
  28 orcs
  6 bats
  7 endoplasms
  4 goblins
  7 hobgoblins
  27 jackals
  28 kobolds
  3 quokkas
  3 ball pythons
  8 frilled lizards
  3 rats
166 creatures vanquished.

Notes
Turn   | Place    | Note
-------+----------+-------------------------------------------
     0 | D:1      | qw the Gargoyle Hexslinger began the quest for the Orb.
     0 | D:1      | Reached XP level 1. HP: 12/12 MP: 2/2
     0 | D:1      | 0 ||| qw: Version: 0.3-a-46-gb1f654a
     0 | D:1      | 0 ||| qw: Game counter: 3378
     0 | D:1      | 0 ||| qw: Melee chars always use a shield: true
     0 | D:1      | 0 ||| qw: God list: Okawaru
     0 | D:1      | 0 ||| qw: Allow faded altars: false
     0 | D:1      | 0 ||| qw: Do Orc after clearing Dungeon:15 true
     0 | D:1      | 0 ||| qw: Do second Lair branch before Depths: true
     0 | D:1      | 0 ||| qw: Lair rune preference: random
     0 | D:1      | 0 ||| qw: Goals: Normal
     0 | D:1      | 0 ||| PLANNING D:1-11
   191 | D:1      | HP: 1/12 [kobold/+0 club (4)]
   367 | D:1      | Reached XP level 2. HP: 16/16 MP: 3/3
   458 | D:1      | 458 ||| SWAPPING to +0 arbalest.
   460 | D:1      | 460 ||| DROPPING +1 sling.
   660 | D:1      | 660 ||| UPGRADING to +0 pair of boots.
   665 | D:1      | 665 ||| READING 3 scrolls labelled RICSUJ SYJOE.
   666 | D:1      | 666 ||| READING scroll labelled XAUS FYIRO.
   667 | D:1      | 667 ||| READING scroll labelled AFEFUOSOKE.
   668 | D:1      | 668 ||| READING scroll labelled WISKOPT JIVU.
   669 | D:1      | 669 ||| READING scroll labelled DEFIGOTRI LIPU.
   672 | D:1      | 672 ||| READING 2 scrolls of identify.
   672 | D:1      | 672 ||| IDENTIFYING fizzy white potion
   673 | D:1      | 673 ||| DROPPING scroll of poison.
   674 | D:1      | 674 ||| DROPPING potion of attraction.
   679 | D:2      | Reached skill level 3 in Ranged Weapons
   685 | D:2      | Found Liogh's Distillery.
   721 | D:2      | Reached XP level 3. HP: 20/21 MP: 4/4
   726 | D:2      | 726 ||| SHOPLISTING potion of cancellation (96 gold, have
                  | 59).
   726 | D:2      | 726 ||| BUYING potion of curing (36 gold).
   726 | D:2      | Bought a potion of curing for 36 gold pieces
   726 | D:2      | 726 ||| SHOPLISTING potion of curing (36 gold, have 23).
   726 | D:2      | 726 ||| SHOPLISTING potion of mutation (96 gold, have 23).
   746 | D:2      | Found Lupta's Jewellery Shop.
   755 | D:2      | 755 ||| SHOPLISTING +5 ring of evasion (468 gold, have 23).
   755 | D:2      | 755 ||| SHOPLISTING amulet of the acrobat (390 gold, have
                  | 23).
   755 | D:2      | 755 ||| SHOPLISTING ring of protection from cold (325 gold,
                  | have 23).
   881 | D:2      | Found Laceimem's Book Boutique.
  1041 | D:2      | 1041 ||| UPGRADING to +0 ring mail.
  1051 | D:2      | 1051 ||| DROPPING +0 robe.
  1200 | D:2      | Found Iqaff's Magic Scroll Shop.
  1208 | D:2      | 1208 ||| BUYING scroll of identify (26 gold).
  1208 | D:2      | Bought a scroll of identify for 26 gold pieces
  1208 | D:2      | 1208 ||| SHOPLISTING scroll of identify (26 gold, have 24).
  1208 | D:2      | 1208 ||| SHOPLISTING scroll of teleportation (39 gold, have
                  | 24).
  1407 | D:2      | 1407 ||| READING scroll labelled BEAWOE YMUAVIA.
  1408 | D:2      | 1408 ||| DRINKING 2 bubbling purple potions.
  1497 | D:3      | Reached skill level 1 in Armour
  1497 | D:3      | Reached XP level 4. HP: 26/26 MP: 5/5
  1677 | D:3      | Found an ornate altar of the Wu Jian Council.
  1679 | D:3      | Found an ancient bone altar of Kikubaaqudgha.
  1682 | D:3      | Found a hide-covered altar of Uskayaw.
  1880 | D:3      | HP: 6/26 [orc/+0 war axe (4)]
  1881 | D:3      | 1881 ||| READING 3 scrolls of teleportation.
  2241 | D:3      | 2241 ||| READING scroll labelled MUICAUKLIE.
  2242 | D:3      | 2242 ||| READING 4 scrolls of identify.
  2242 | D:3      | 2242 ||| IDENTIFYING fuming sapphire potion
  2243 | D:3      | 2243 ||| READING 3 scrolls of identify.
  2243 | D:3      | 2243 ||| IDENTIFYING sedimented coppery potion
  2244 | D:3      | 2244 ||| READING 2 scrolls of identify.
  2244 | D:3      | 2244 ||| IDENTIFYING viscous silvery potion
  2245 | D:3      | 2245 ||| DROPPING potion of invisibility.
  2246 | D:3      | 2246 ||| DROPPING potion of ambrosia.
  2263 | D:4      | 2263 ||| STAIRDANCE
  2273 | D:3      | Reached skill level 4 in Ranged Weapons
  2435 | D:4      | Found a sacrificial altar of Ru.
  2493 | D:4      | Found a transporter.
  2496 | D:4      | Noticed qw's ghost (amateur GrHs)
  2497 | D:4      | Found a transporter.
  2589 | D:4      | Reached XP level 5. HP: 30/30 MP: 6/6
  2707 | D:4      | Reached skill level 5 in Ranged Weapons
  2718 | D:4      | Reached XP level 6. HP: 35/36 MP: 7/7
  2823 | D:4      | Reached skill level 3 in Fighting
  2959 | D:4      | Reached skill level 6 in Ranged Weapons
  2993 | D:4      | 2993 ||| FLEEEEING.
  2994 | D:4      | 2994 ||| FLEEEEING.
  2995 | D:4      | 2995 ||| FLEEEEING.
  2996 | D:4      | 2996 ||| FLEEEEING.
  2997 | D:4      | 2997 ||| FLEEEEING.
  2998 | D:4      | 2998 ||| FLEEEEING.
  2999 | D:4      | 2999 ||| FLEEEEING.
  3000 | D:4      | 3000 ||| FLEEEEING.
  3001 | D:4      | 3001 ||| FLEEEEING.
  3002 | D:4      | 3002 ||| FLEEEEING.
  3003 | D:4      | 3003 ||| FLEEEEING.
  3004 | D:4      | 3004 ||| FLEEEEING.
  3009 | D:4      | 3009 ||| FLEEEEING.
  3010 | D:4      | 3010 ||| FLEEEEING.
  3011 | D:4      | 3011 ||| FLEEEEING.
  3019 | D:4      | 3019 ||| FLEEEEING.
  3020 | D:4      | 3020 ||| FLEEEEING.
  3021 | D:4      | 3021 ||| FLEEEEING.
  3024 | D:4      | 3024 ||| STAIRDANCE
  3041 | D:3      | 3041 ||| READING scroll labelled UMURIU PEOK.
  3142 | D:3      | 3142 ||| DRINKING 2 clear potions.
  3143 | D:3      | 3143 ||| READING 2 scrolls of identify.
  3143 | D:3      | 3143 ||| IDENTIFYING grey potion
  3144 | D:3      | 3144 ||| DROPPING potion of brilliance.
  3186 | D:4      | Found a staircase to the Ecumenical Temple.
  3187 | D:4      | 3187 ||| PLANNING TEMPLE
  3192 | Temple   | Entered the Ecumenical Temple
  3297 | Temple   | 3297 ||| PLANNING D:1-11
  3342 | D:4      | Reached XP level 7. HP: 43/43 MP: 8/8
  3368 | D:4      | HP: 10/43 [gnoll sergeant/+0 antimagic spear (3)]
  3369 | D:4      | 3369 ||| READING 3 scrolls of teleportation.
  3370 | D:4      | 3370 ||| DRINKING potion of heal wounds.
  3493 | D:4      | HP: 9/43 [gnoll/+0 whip (7)]
  3494 | D:4      | 3494 ||| READING 2 scrolls of teleportation.
  3495 | D:4      | HP: 3/43 [gnoll/+0 spear (4)]
  3525 | D:4      | 3525 ||| FLEEEEING.
  3526 | D:4      | 3526 ||| FLEEEEING.
  3527 | D:4      | 3527 ||| FLEEEEING.
  3528 | D:4      | 3528 ||| FLEEEEING.
  3529 | D:4      | 3529 ||| FLEEEEING.
  3530 | D:4      | 3530 ||| FLEEEEING.
  3537 | D:4      | 3537 ||| STAIRDANCE
  3643 | D:3      | 3643 ||| UPGRADING to ring of positive energy.
  3649 | D:4      | 3649 ||| STAIRDANCE
  3760 | D:4      | Reached skill level 7 in Ranged Weapons
  3813 | D:4      | 3813 ||| READING scroll labelled XIOZOF QAAGONU.
  3867 | D:5      | Entered Level 5 of the Dungeon
  3879 | D:5      | Reached skill level 8 in Ranged Weapons
  3879 | D:5      | Reached XP level 8. HP: 46/48 MP: 9/9
  3956 | D:5      | 3956 ||| FLEEEEING.
  4194 | D:5      | 4194 ||| FLEEEEING.
  4494 | D:5      | HP: 8/49 [ogre/+0 giant club (8)]
  4495 | D:5      | 4495 ||| READING 2 scrolls of teleportation.
  4496 | D:5      | Mangled by an ogre

Levels and vault maps discovered:
D:1:      ncdulo_watergridlock, layout_loops_ring
D:2:      layout_rooms, serial_shops, shop, shop, shop_statue, shop,
          serial_co_window_serial, co_window_paths_a,
          co_window_of_opportunity_a, co_window_paths_a, co_window_paths_a,
          co_window_paths_b, co_window_corner_b, co_window_corner_b,
          co_window_broadway_c, co_window_broadway_a, co_window_unsneaky_path_d,
          glass_columns_c
D:3:      layout_basic, minitemple
D:4:      lemuel_castle_with_subvaults [lemuel_castle_interior_carwin_2],
          layout_loops_cross, nicolae_ru_path_of_blood,
          minmay_temple_entry_enclosed_plants, gammafunk_ghost_mausoleum
D:5:      kennysheep_kobold_camp, layout_rooms, serial_bayou,
          serial_bayou_lake_a, serial_bayou_shore_b, serial_bayou_pond_d,
          minmay_lizard_king, uniq_ijyb
Temple:   kb_corrupted_temple

Skill      XL: |  1  2  3  4  5  6  7  8 |
---------------+-------------------------+-----
Ranged Weapons | 3 4 5 6 8 |  8.3
Fighting       | 2 4 5 |  5.0
Armour         | 1 2 |  2.4
Dodging        | |  1.5
Spellcasting   | |  1.0
Hexes          | |  2.6

Action                     |  1- 3 |  4- 6 |  7- 9 || total
---------------------------+-------+-------+-------++-------
   Fire: Sling             |    32 |       |       ||    32
         Arbalest          |    60 |   196 |   187 ||   443
    Use: Scroll            |     7 |     7 |     4 ||    18
         Potion            |     1 |     1 |     1 ||     3
 Armour: Robe              |    13 |       |       ||    13
         Ring mail         |    10 |    64 |   170 ||   244
  Dodge: Dodged            |    30 |    86 |   159 ||   275

Table legend:
 A = Non-vault XP
 B = Vault XP
 C = Vault XP percentage of total XP
 D = Non-vault monster count
 E = Vault monster count
 F = Vault count percentage of total count
                 A         B        C        D         E       F
            +---------+---------+-------+---------+---------+-------
      Total |     788 |     827 |  51.2 |      87 |      79 |  47.6
            +---------+---------+-------+---------+---------+-------
        D:1 |      16 |       0 |   0.0 |      10 |       0 |   0.0
        D:2 |      52 |       0 |   0.0 |      21 |       0 |   0.0
        D:3 |      57 |      14 |  19.7 |      21 |       1 |   4.5
        D:4 |     194 |     648 |  77.0 |      19 |      49 |  72.1
        D:5 |     469 |     165 |  26.0 |      16 |      29 |  64.4
            +---------+---------+-------+---------+---------+-------
